 Dungeon Crawl Stone Soup version 0.19-b1-5-gdc9fa9d (webtiles) character file.

84 varam the Twirler (level 4, -3/26 HPs)
             Began as a Gargoyle Gladiator on Oct 31, 2016.
             Slain by Sigmund
             ... wielding a +0 scythe
              (10 damage)
             ... on level 3 of the Dungeon.
             The game lasted 00:03:18 (2749 turns).

varam the Twirler (Gargoyle Gladiator)              Turns: 2749, Time: 00:03:19

Health: -3/26      AC:  9    Str: 18    XL:     4   Next: 45%
Magic:  4/4        EV: 10    Int:  9    God:
Gold:   186        SH:  0    Dex: 11    Spells: 0 memorised, 3 levels left

rFire  . . .     SeeInvis .     a - +0 quarterstaff
rCold  . . .     Gourm    .     m - -1 scale mail (curse)
rNeg   + . .     Faith    .     (shield currently unavailable)
rPois  ∞         Spirit   .     c - +0 helmet
rElec  +         Reflect  .     (no cloak)
rCorr  .         Harm     .     (no gloves)
MR     .....                    (no boots)
Stlth  ..........               (no amulet)
                                (no ring)
                                (no ring)

@: no status effects
A: negative energy resistance 1, electricity resistance, unbreathing,
petrification resistance, rot immunity, AC +3
a: no special abilities


You were on level 3 of the Dungeon.
You were hungry.

You visited 1 branch of the dungeon, and saw 3 of its levels.

You collected 186 gold pieces.

Inventory:

Hand Weapons
 a - a +0 quarterstaff (weapon)
Missiles
 d - 3 throwing nets (quivered)
 h - 7 steel tomahawks
Armour
 b - a +0 leather armour
 c - a +0 helmet (worn)
 m - a cursed -1 scale mail (worn)
Jewellery
 r - an uncursed ring of ice {unknown}
Scrolls
 e - a scroll of noise {unknown}
 g - a scroll of enchant weapon {unknown}
 i - 2 scrolls of identify {unknown}
 l - 2 scrolls of teleportation {unknown}
 o - 4 scrolls of remove curse {unknown}
 t - a scroll of fear {unknown}
 u - a scroll of recharging {unknown}
Potions
 j - a potion of berserk rage {unknown}
 k - 3 potions of cancellation {unknown}
 n - a potion of curing
 s - a potion of might {unknown}
 v - 2 potions of flight {unknown}
Books
 q - a book of Maledictions

   Spells                             Type                      Level
   a - Corona                         Hexes                        1
   b - Ensorcelled Hibernation        Hexes/Ice                    2
   c - Confuse                        Hexes                        3
   d - Tukima's Dance                 Hexes                        3
   e - Dazzling Spray                 Conjuration/Hexes            3
Comestibles
 f - 5 bread rations
 p - a meat ration


   Skills:
 - Level 2.1 Fighting
 + Level 5.1 Staves
 - Level 1.7 Throwing
 - Level 2.4 Dodging


You had 3 spell levels left.
You didn't know any spells.

Dungeon Overview and Level Annotations

Branches:
Dungeon (3/15)

Altars:
Ashenzari
Uskayaw

Annotations:
D:3 Sigmund


Innate Abilities, Weirdness & Mutations

You are resistant to torment.
Your stone body is resilient. (AC +3)
You are immune to poison.
You resist negative energy. (rN+)
You are resistant to electric shocks. (rElec)
You can survive without breathing.
You are immune to petrification.
You are immune to rotting.


Message History

Sigmund hits you with a scythe!
The hobgoblin hits you but does no damage.
You sock Sigmund!
Sigmund is almost dead.
The hobgoblin hits you but does no damage.
Sigmund hits you with a scythe.
You hit Sigmund but do no damage.
Sigmund is almost dead.
The hobgoblin closely misses you. Sigmund hits you with a scythe.
You hit Sigmund.
Sigmund is almost dead.
The hobgoblin hits you but does no damage.
You barely miss Sigmund.
Sigmund is almost dead.
Sigmund barely misses you. The hobgoblin barely misses you.
You hit Sigmund.
Sigmund is almost dead.
The hobgoblin hits you but does no damage.
Sigmund hits you with a scythe!
You die...

.###..
..#..######.. #.#.#
#.##..# #.. ....##.
#...# #.< .....
....## ##.. #.#.#
###.# #...
#.#.#####.#######.#
#.............# #.#
#.#g#####.###.# #.#
#.#@@.### #.# #.#
#.# #.......# #)#
#.# #.# ###.###.#
#.###.###.# #.
#.###.#.......# #.
#.#...#.#.##### #.
#.#.###.#.# #.
#...# #.#.# #.
#.### #.#.# #.###.#
#.#.#


You could see Sigmund and a hobgoblin.

Vanquished Creatures
  Terence (D:2)
  An ooze (D:1)
  A dart slug (D:1)
  3 leopard geckos
  An orc (D:3)
  6 bats
  2 giant cockroaches
  5 hobgoblins
  3 frilled lizards
  8 goblins
  6 kobolds
  6 rats
  A fungus (D:2)
44 creatures vanquished.

Notes
Turn   | Place    | Note
-------+----------+-------------------------------------------
     0 | D:1      | varam the Gargoyle Gladiator began the quest for the Orb.
     0 | D:1      | Reached XP level 1. HP: 12/12 MP: 1/1
   280 | D:1      | Reached XP level 2. HP: 16/17 MP: 2/2
  1137 | D:1      | Reached skill level 4 in Staves
  1364 | D:1      | Reached XP level 3. HP: 21/21 MP: 3/3
  1462 | D:2      | Found a shattered altar of Ashenzari.
  1570 | D:3      | Noticed Sigmund
  1658 | D:2      | Found a faded altar of an unknown god.
  1912 | D:2      | Found a hide-covered altar of Uskayaw.
  2023 | D:2      | Noticed Terence
  2039 | D:2      | Killed Terence
  2039 | D:2      | Reached XP level 4. HP: 16/26 MP: 4/4
  2489 | D:3      | Reached skill level 5 in Staves
  2749 | D:3      | Slain by Sigmund

Skill      XL: |  1  2  3  4 |
---------------+-------------+-----
Staves         | 4 5 |  5.1
Fighting       | |  2.1
Throwing       | |  1.7
Dodging        | |  2.4

Action                   |  1- 3 |  4- 6 || total
-------------------------+-------+-------++-------
Melee: Quarterstaff      |   129 |    32 ||   161
  Eat: Chunk             |     4 |     1 ||     5
Armor: Leather armour    |    12 |       ||    12
       Scale mail        |    48 |    24 ||    72
Dodge: Dodged            |    78 |    28 ||   106
